 Dungeon Crawl Stone Soup version 0.30-a0-135-g630cfc4551 (webtiles) character file.

Game seed: 15550721654352977702

72 NinjaNoafa the Vexing (level 4, -2/32 HPs)
             Began as a Barachi Hexslinger on Sept 20, 2022.
             Was a Follower of the Shining One.
             Slain by Terence
             ... wielding a +0 flail
              (5 damage)
             ... on level 2 of the Dungeon.
             The game lasted 00:03:27 (1616 turns).

NinjaNoafa the Vexing (Barachi Hexslinger)          Turns: 1616, Time: 00:03:27

Health: -2/32      AC:  0    Str: 12    XL:     4   Next: 26%
Magic:  3/7        EV: 19    Int: 13    God:    the Shining One [*.....]
Gold:   91         SH:  6    Dex: 19    Spells: 6/7 levels left

rFire   . . .      SeeInvis .    (weapon currently unavailable)
rCold   . . .      Faith    .    (shield currently unavailable)
rNeg    . . .      Spirit   .    (body armour currently unavailable)
rPois   .          Reflect  .    (helmet currently unavailable)
rElec   .          Harm     .    (cloak currently unavailable)
rCorr   .          Rampage  .    (gloves currently unavailable)
Will    .....                    (boots currently unavailable)
Stlth   +.........               (no amulet)
HPRegen 0.10/turn                (ring currently unavailable)
MPRegen 0.10/turn                (ring currently unavailable)

@: divinely shielded, bat-form, unable to hop, flying, glowing, very quick
A: fast, flying, no casting, (amphibious), tiny, (slowness 1), (strong legs 1),
+LOS
a: Renounce Religion, Divine Shield


You were on level 2 of the Dungeon.
You worshipped the Shining One.
The Shining One was aware of your devotion.
You were a bat.
You visited 1 branch of the dungeon, and saw 2 of its levels.

You collected 91 gold pieces.

Inventory:

Hand Weapons
 a - a +1 sling
 h - a +0 dagger (melded)
Missiles
 g - 16 stones
 n - 6 poisoned darts
Armour
 c - a +0 robe (melded)
 d - a +0 pair of boots (melded)
 s - a +0 helmet (melded)
Scrolls
 b - 2 scrolls of poison
 f - 2 scrolls of amnesia {unknown}
 k - a scroll of enchant armour {unknown}
 m - 2 scrolls of magic mapping {unknown}
 o - a scroll of blinking {unknown}
 p - 5 scrolls of teleportation {unknown}
Potions
 e - a potion of attraction
 i - a potion of invisibility
 l - a potion of curing {unknown}
 q - a potion of flight {unknown}
 r - a potion of heal wounds {unknown}


   Skills:
 - Level 1.2 Fighting
 + Level 3.1 Ranged Weapons
 - Level 2.1 Dodging
 - Level 2.0 Spellcasting
 + Level 4.3 Hexes


You had 6 spell levels left.
You knew the following spells:

 Your Spells              Type           Power      Damage    Failure   Level
a - Slow                  Hex            48%        N/A       4%          1

Your spell library contained the following spells:

 Spells                   Type           Power      Damage    Failure   Level
 Inner Flame              Hex/Fire       6%         N/A       32%         3
 Portal Projectile        Hex/Tloc       12%        N/A       32%         3
 Cause Fear               Hex            6%         N/A       41%         4


Dungeon Overview and Level Annotations

Branches:
Dungeon (2/15)

Altars:
The Shining One

Annotations:
D:2 Terence


Innate Abilities, Weirdness & Mutations

You are a bat.
You are tiny and dextrous.
You move quickly.
You are flying.
Your equipment is almost entirely melded.
You are incapable of wielding weapons or throwing items.
You cannot cast spells.
((You are amphibious.))
((You cover ground slowly.))
((You can hop short distances.))
You have an extended range of vision and can be seen from far away.


Message History

Terence is heavily wounded.
Fire: a) +1 sling
Press: ? - help, Q - select action, (/) - cycle Shift-Dir - straight line, f/p - Terence
Aim: Terence, wielding a +0 flail, wearing a +0 chain mail and carrying a wand of polymorph (11) (heavily wounded, slow, haloed, 85% to hit)
You shoot a sling bullet.
The sling bullet hits Terence but does no damage.
Terence is heavily wounded.
Terence closely misses you.
Fire: a) +1 sling
Press: ? - help, Q - select action, (/) - cycle Shift-Dir - straight line, f/p - Terence
Aim: Terence, wielding a +0 flail, wearing a +0 chain mail and carrying a wand of polymorph (11) (heavily wounded, slow, haloed, 85% to hit)
You shoot a sling bullet.
The sling bullet hits Terence but does no damage.
Terence is heavily wounded.
Terence hits you with a +0 flail!
Okay, then.
A divine shield forms around you!
Okay, then.
h - a +0 dagger (weapon)
Terence hits you with a +0 flail!
* * * LOW HITPOINT WARNING * * *
It was a potion of attraction.
You feel attractive to monsters.
It was a potion of invisibility.
You become transparent, but the glow from your halo prevents you from becoming completely invisible.
Terence misses you.
Terence is no longer moving slowly.
It was a potion of cancellation.
Your magical effects are unravelling.
You feel magically purged.
You flicker back into view.
Terence zaps a wand.
You turn into a bat.
Your +0 dagger melds into your body.
Your +0 helmet melds into your body.
Your +0 pair of boots melds into your body.
Your +0 robe melds into your body.
You feel less attractive to monsters.
Okay, then.
You hit Terence but do no damage.
Terence is heavily wounded.
Terence hits you with a +0 flail.
You die...

#....# #....#
###.#.#####
###.........#
+.......###.#
###.....# #.#
#.#.#.###.#
#.........#
#####b#####
#@# #.# ## #.#
.. #.#
...###.#####)#
.............#
.......#######
.#####


You could see Terence.

Vanquished Creatures
  An adder (D:2)
  2 worms (D:2)
  3 dart slugs (D:1)
  7 ball pythons
  An endoplasm (D:1)
  4 giant cockroaches
  6 hobgoblins
  4 jackals (D:1)
  4 kobolds
  2 quokkas (D:1)
  3 bats (D:1)
  3 frilled lizards
  3 goblins
  6 rats
49 creatures vanquished.

Notes
Turn   | Place    | Note
-------+----------+-------------------------------------------
     0 | D:1      | NinjaNoafa the Barachi Hexslinger began the quest for the
                  | Orb.
     0 | D:1      | Reached XP level 1. HP: 15/15 MP: 2/2
   104 | D:1      | Reached XP level 2. HP: 21/21 MP: 4/4
   424 | D:1      | Found a faded altar of an unknown god.
   431 | D:1      | Reached XP level 3. HP: 26/26 MP: 5/5
   437 | D:1      | Prayed at the altar of an unknown god.
   437 | D:1      | Became a worshipper of the Shining One
   437 | D:1      | Reached * piety under the Shining One
   931 | D:2      | Reached skill level 4 in Hexes
  1240 | D:2      | Reached XP level 4. HP: 32/32 MP: 7/7
  1587 | D:2      | Noticed Terence
  1616 | D:2      | Slain by Terence

Illustrated notes

Levels and vault maps discovered:
D:1:      dpeg_arrival_refuge, layout_loops_ring, ebering_ecumenical_altar_hall
D:2:      layout_loops_corners, st_stairs_6, uniq_terence

Skill      XL: |  1  2  3 |
---------------+----------+-----
Spellcasting   | 2 |  2.0
Hexes          | 4 |  4.3
Ranged Weapons | 3 |  3.1
Fighting       | |  1.2
Dodging        | |  2.1

Action                   |  1- 3 |  4- 6 || total
-------------------------+-------+-------++-------
Melee: Unarmed           |       |     1 ||     1
 Fire: Sling             |   137 |    47 ||   184
 Cast: Slow              |     4 |     3 ||     7
Invok: Divine Shield     |       |     1 ||     1
 Abil: Hop               |     2 |     1 ||     3
  Use: Potion            |       |     3 ||     3
Armor: Robe              |    16 |     5 ||    21
Dodge: Dodged            |    43 |    18 ||    61

Table legend: (Time is in decaauts)
 A = Elapsed time spent in this place.
 B = Non-inter-level travel time spent in this place.
 C = Inter-level travel time spent in this place.
 D = Time resting spent in this place.
 E = Time spent auto-exploring this place.
 F = Levels seen in this place.
 G = Mean time per level.
                   A        B        C        D        E       F      G
               +--------+--------+--------+--------+--------+-----+--------+
         Total |   1872 |   1843 |     29 |      0 |   1410 |   2 |  936.0 |
       Dungeon |   1872 |   1843 |     29 |      0 |   1410 |   2 |  936.0 |
               +--------+--------+--------+--------+--------+-----+--------+

Top non-repeatable levels by time:
     D:1: 1066 daAuts
     D:2: 805 daAuts
